 Dungeon Crawl Stone Soup version 0.26-a0-1213-gd52f5182fe (webtiles) character file.

Game seed: 16540487632077320730

84 tilp the Insei (level 4, -6/29 HPs)
             Began as an Octopode Transmuter on Dec 30, 2020.
             Killed from afar by Natasha (7 damage)
             ... with a magic dart
             ... on level 2 of the Dungeon.
             The game lasted 00:02:28 (2132 turns).

tilp the Insei (Octopode Transmuter)                Turns: 2132, Time: 00:02:29

Health: -6/29      AC:  1    Str:  9    XL:     4   Next: 45%
Magic:  5/7        EV: 13    Int: 16    God:
Gold:   56         SH:  0    Dex: 12    Spells: 1/7 levels left

rFire    . . .     SeeInvis .     - Unarmed
rCold    . . .     Faith    .   (no shield)
rNeg     . . .     Spirit   .   (helmet currently unavailable)
rPois    .         Reflect  .   (no amulet)
rElec    .         Harm     .   (no ring)
rCorr    .         Rampage  .   (no ring)
Will     .....                  (no ring)
Stlth    +++.......             (no ring)
HPRegen  0.09/turn              (no ring)
MPRegen  0.10/turn              (no ring)
                                (no ring)
                                (no ring)

@: appendages, wereblooded (expiring)
A: almost no armour, stealthy swim, amphibious, 8 rings, constrict 8, tentacle
spike 3, camouflage 1, gelatinous body 1
a: End Transformation


You were on level 2 of the Dungeon.
One of your tentacles had a temporary spike.
You visited 1 branch of the dungeon, and saw 2 of its levels.

You collected 56 gold pieces.

Inventory:

Hand Weapons
 g - a +4 dagger of venom
Missiles
 i - 6 stones
 k - 7 datura-tipped darts
 l - 13 poisoned darts (quivered)
Jewellery
 c - a +4 ring of evasion {unknown}
Scrolls
 e - a scroll of teleportation
 f - 2 scrolls of fear {unknown}
 j - 2 scrolls of identify {unknown}
 m - a scroll of magic mapping {unknown}
 o - 2 scrolls of remove curse {unknown}
Potions
 a - a potion of heal wounds {unknown}
 b - a potion of degeneration {unknown}
 d - a potion of flight {unknown}
 h - 2 potions of attraction {unknown}
 n - a potion of might {unknown}


   Skills:
 - Level 2.0 Fighting
 - Level 2.0 Dodging
 + Level 3.5 Stealth
 + Level 3.9 Unarmed Combat
 - Level 2.0 Spellcasting
 - Level 2.0 Transmutations


You had one spell level left.
You knew the following spells:

 Your Spells              Type           Power        Failure   Level
a - Beastly Appendage     Tmut           16%          9%          1
b - Wereblood             Tmut           8%           14%         2
c - Spider Form           Tmut/Pois      2%           38%         3

Your spell library contained the following spells:

 Spells                   Type           Power        Failure   Level
 Ice Form                 Ice/Tmut       4%           80%         4
 Blade Hands              Tmut           4%           94%         5


Dungeon Overview and Level Annotations

Branches:
Dungeon (2/15)

Altars:
Xom

Annotations:
D:2 Natasha


Innate Abilities, Weirdness & Mutations

You cannot wear most types of armour.
You are very stealthy in the water. (Stealth+)
You are amphibious.
You can wear up to eight rings at the same time.
You can use your tentacles to constrict eight enemies at once.
Your skin changes colour to match your surroundings (Stealth+).
Your rubbery body absorbs attacks. (AC +1, EV +1)
One of your tentacles bears a large vicious spike.


Message History

Confirm with . or Enter, or press ? or * to list all spells.
One of your tentacles grows a vicious spike.
Natasha misses you.
You tentacle-slap Natasha but do no damage.
Your grab misses Natasha.
Your primal bloodlust is almost over.
You closely miss Natasha. Your grab misses Natasha.
Natasha casts a spell at you. The magic dart hits you!
You closely miss Natasha. Your grab misses Natasha. Natasha claws you!
* * * LOW HITPOINT WARNING * * *
You barely miss Natasha. You grab Natasha. You constrict Natasha.
Natasha claws you!
* * * LOW HITPOINT WARNING * * *
You barely miss Natasha.
You pierce Natasha.
You squeeze Natasha.
Natasha is heavily wounded.
You constrict Natasha. Natasha casts a spell at you. The magic dart hits you!
You die...

#########'#. .#
#...........##.#####
#...................
#...................
##....................
#.....................
#............h........
#.######## #.@.......[
####.##########.........
.†..............(.......
####.#############'#####
#...............#
#################


You could see Natasha.

Vanquished Creatures
  Natasha (D:2)
  An adder (D:2)
  2 oozes
  A worm (D:2)
  2 dart slugs (D:1)
  4 leopard geckos (D:1)
  2 giant cockroaches (D:1)
  3 goblins
  3 hobgoblins (D:1)
  3 jackals (D:2)
  A quokka (D:2)
  2 bats (D:1)
  2 frilled lizards (D:1)
  2 kobolds (D:1)
  A rat (D:1)
30 creatures vanquished.

Notes
Turn   | Place    | Note
-------+----------+-------------------------------------------
     0 | D:1      | tilp the Octopode Transmuter began the quest for the Orb.
     0 | D:1      | Reached XP level 1. HP: 13/13 MP: 3/3
   116 | D:1      | Reached skill level 1 in Stealth
   362 | D:1      | Reached XP level 2. HP: 13/18 MP: 3/5
   448 | D:1      | Learned a level 2 spell: Wereblood
   622 | D:1      | Reached XP level 3. HP: 16/24 MP: 2/6
  1210 | D:1      | Found a shimmering altar of Xom.
  1358 | D:2      | Learned a level 3 spell: Spider Form
  1449 | D:2      | Noticed Natasha
  1453 | D:2      | Killed Natasha
  1454 | D:2      | Reached XP level 4. HP: 18/29 MP: 3/7
  2019 | D:2      | Noticed Natasha
  2131 | D:2      | HP: 1/29 [Natasha (9)]
  2132 | D:2      | Killed from afar by Natasha

Illustrated notes

Levels and vault maps discovered:
D:1:      lemuel_arrival_rhombus, layout_basic, xom_teletrap_fun
D:2:      layout_basic, lemuel_coloured_pillars_altar, st_stairs_10,
          minmay_curled_crystal, uniq_natasha, uniq_terence, uniq_jessica

Skill      XL: |  1  2  3 |
---------------+----------+-----
Stealth        | 1 2 3 |  3.5
Fighting       | 2 |  2.0
Dodging        | |  2.0
Unarmed Combat | |  3.9
Spellcasting   | |  2.0
Transmutations | |  2.0

Action                   |  1- 3 |  4- 6 || total
-------------------------+-------+-------++-------
Melee: Unarmed           |    51 |    16 ||    67
       Constrict         |    14 |     5 ||    19
       Kick              |     8 |     4 ||    12
       Punch             |     3 |       ||     3
       Tentacles         |     8 |     5 ||    13
Throw: Dart              |     2 |     3 ||     5
 Cast: Beastly Appendage |    16 |     4 ||    20
       Wereblood         |    12 |     2 ||    14
  Use: Scroll            |     1 |       ||     1
 Stab: Sleeping          |     2 |       ||     2
Armor: Skin              |     5 |     1 ||     6
Dodge: Dodged            |    26 |     5 ||    31

Table legend: (Time is in decaauts)
 A = Elapsed time spent in this place.
 B = Non-inter-level travel time spent in this place.
 C = Inter-level travel time spent in this place.
 D = Time resting spent in this place.
 E = Time spent auto-exploring this place.
 F = Levels seen in this place.
 G = Mean time per level.
                   A        B        C        D        E       F      G
               +--------+--------+--------+--------+--------+-----+--------+
         Total |   2127 |   2028 |     99 |    590 |   1149 |   2 | 1063.5 |
       Dungeon |   2127 |   2028 |     99 |    590 |   1149 |   2 | 1063.5 |
               +--------+--------+--------+--------+--------+-----+--------+

Top non-repeatable levels by time:
     D:1: 1310 daAuts
     D:2: 816 daAuts
